 Dungeon Crawl Stone Soup version 0.30.1-3-gfc49f6343a (webtiles) character file.

Game seed: 16466094238982610568

1805475 coffeetime the Axe Maniac (level 24, 219/219 HPs)
             Began as a Minotaur Berserker on July 18, 2023.
             Was the Champion of Trog.
             Escaped with the Orb
             ... and 3 runes!
             The game lasted 04:28:43 (56403 turns).

coffeetime the Axe Maniac (Minotaur Berserker)     Turns: 56403, Time: 04:28:44

Health: 219/219    AC: 42    Str: 29    XL:     24   Next: 96%
Magic:  11/11      EV: 16    Int:  6    God:    Trog [******]
Gold:   5891       SH: 24    Dex: 22    Spells: 23/23 levels left

rFire   + + .        b - +9 broad axe (antimagic)
rCold   + . .        Q - +2 tower shield
rNeg    . . .        J - +7 gold dragon scales
rPois   +            t - +1 hat {Will+}
rElec   +            f - scarf {repulsion}
rCorr   .            c - +2 pair of gloves {Dex+3}
SInv    +            g - +2 pair of boots
Will    +++..        I - amulet "Baevoh" {Regen+ SInv} Stlth
                     q - ring of fire
HPRegen 1.36/turn    U - ring of Kipn {rC+ Will+ MP+9 Dex+6}
MPRegen 0.12/turn

%: repel missiles
@: no status effects
A: horns 2, retaliatory headbutt, talons 1, frail 1, high MP 1, electricity
resistance
0: Orb of Zot
}: 3/15 runes: barnacled, slimy, gossamer
a: Renounce Religion, Berserk, Trog's Hand, Brothers in Arms


You escaped.
You worshipped Trog.
Trog was exalted by your worship.
You visited 10 branches of the dungeon, and saw 51 of its levels.
You visited the Abyss 1 time.
You also visited: Ossuary and Volcano.

You collected 7345 gold pieces.
You spent 1454 gold pieces at shops.

Inventory:

Hand Weapons
 a - a +9 vampiric broad axe
 b - a +9 antimagic broad axe (weapon)
 N - the +7 broad axe of War {flame, *Noise +Blink rPois}
   (Trog gifted it to you on level 11 of the Dungeon)

   rPois:     It protects you from poison.
   +Blink:    It lets you blink.
   *Noise:    It may make noises in combat.
 V - the +5 scythe "Finisher" {speed, execute}
   (You found it on level 5 of the Pits of Slime)
Missiles
 k - 8 throwing nets
 o - 55 poisoned darts
 C - 19 boomerangs
 D - a curare-tipped dart
 P - 4 silver boomerangs (quivered)
 R - 18 silver javelins
Armour
 c - a +2 pair of gloves of dexterity (worn)
 f - a scarf of repulsion (worn)
 g - a +2 pair of boots (worn)
 t - a +1 hat of willpower (worn)
 J - +7 gold dragon scales (worn)
 Q - a +2 tower shield (worn)
Jewellery
 q - a ring of fire (left hand)
 u - the ring of Kotykh {rCorr Dex+6}
   (You found it on level 5 of the Pits of Slime)

   [ring of dexterity]

   Dex:       It affects your dexterity (+6).
   rCorr:     It protects you from acid and corrosion.
 y - an amulet of guardian spirit
 I - the amulet "Baevoh" (around neck) {Regen+ SInv}
   (You found it on level 5 of the Pits of Slime)

   [amulet of regeneration]

   SInv:      It lets you see invisible.
   Regen:     It increases your rate of health regeneration.
 U - the ring of Kipn (right hand) {rC+ Will+ MP+9 Dex+6}
   (You took it off a deep elf elementalist on level 3 of the Elven Halls)

   [ring of dexterity]

   Dex:       It affects your dexterity (+6).
   rC:        It protects you from cold.
   MP:        It affects your magic capacity (+9).
   Will:      It increases your willpower.
 X - a ring of flight
 Y - the ring "Idyaloa" {Ice rElec}
   (You took it off Josephina on level 2 of the Depths)

   [ring of ice]

   It enhances your ice magic.
   rF:        It makes you vulnerable to fire.
   rC:        It protects you from cold.
   rElec:     It insulates you from electricity.
Wands
 s - a wand of digging (37)
 v - a wand of light (7)
 F - a wand of roots (43)
 H - a wand of polymorph (14)
 M - a wand of charming (19)
 W - a wand of mindburst (10)
Scrolls
 d - 4 scrolls of blinking
 h - 13 scrolls of fog
 i - 4 scrolls of butterflies
 m - 14 scrolls of teleportation
 r - 6 scrolls of immolation
 A - 9 scrolls of fear
 O - 5 scrolls of poison
 Z - 2 scrolls of silence
Potions
 e - 7 potions of lignification
 j - 5 potions of invisibility
 l - 15 potions of curing
 p - 12 potions of mutation
 x - 4 potions of cancellation
 z - 4 potions of heal wounds
 B - 3 potions of resistance
 E - 5 potions of might
 G - 11 potions of ambrosia
 S - 5 potions of haste
 T - 6 potions of attraction
Miscellaneous
 n - a phial of floods
 K - a box of beasts
 L - a phantom mirror


   Skills:
 + Level 25.6 Fighting
 O Level 27 Axes
 - Level 15.0 Throwing
 + Level 25.6 Armour
 - Level 15.1 Dodging
 - Level 18.2 Shields
 - Level 15.0 Evocations


You had 23 spell levels left.
You didn't know any spells.
Your spell library was empty.

Dungeon Overview and Level Annotations

Branches:
Dungeon (15/15)            Temple (0/1) D:5            Lair (5/5) D:10
 Shoals (4/4) Lair:3       Spider (4/4) Lair:2        Slime (5/5) Lair:4
    Orc (2/2) D:11            Elf (3/3) Orc:2        Vaults (4/5) D:14
 Depths (4/4) D:15            Zot (5/5) Depths:4    Ossuary (visited)
Volcano (visited)
  Crypt: Vaults:2-3

Altars:
Cheibriados
Dithmenos
Elyvilon
Gozag
Kikubaaqudgha
Makhleb
Nemelex Xobeh
Okawaru
Sif Muna
Trog
Uskayaw
Xom
Zin
Jiyva
Lugonu

Shops:
D:2 =   Orc:2 :(*:=*   Elf:3 (=   Shoals:2 !*   Shoals:3 ?   Vaults:1 (
Depths:1 ?[=*   Depths:4 (:

Portals:
Hell: Depths:1 Depths:2 Depths:3 Depths:4
Abyss: D:9 Depths:3 Depths:4
Pandemonium: Depths:2 Depths:3
Ziggurat: Depths:1

Annotations:
D:9 2 runed translucent doors
Elf:2 3 runed translucent doors
Vaults:1 2 transporters, exclusion: 2 orange crystal statues, Feagond's ghost, adept HOMo; Tang's ghost, master DsGl
Vaults:2 Mennas
Zot:1 1 transporter
Zot:3 3 runed translucent doors, Foeroudum's ghost, master MfBe


Innate Abilities, Weirdness & Mutations

You have a pair of horns on your head.
You reflexively headbutt those who attack you in melee.
You have sharp toenails.
You are frail. (-10% HP)
You have an increased reservoir of magic. (+10% MP)
You are resistant to electric shocks. (rElec)


Message History

Press: ? - help, Shift-Dir - straight line You can't see that place. [the floor.]
The rock shatters into small pieces.
There is a stone staircase leading up here.
You climb upwards.
There is a stone staircase leading down here.
There is a stone staircase leading up here.
You climb upwards.
There is a stone staircase leading down here.
A balrug and a sun demon come into view.
The balrug is wielding a +0 demon whip of flaming.
You feel yourself speed up.
The sun demon shouts!
There is a stone staircase leading up here.
You climb upwards.
There is a stone staircase leading down here.
There is a stone staircase leading up here.
Things that are here:
a +0 leather armour; a +0 dagger You climb upwards.
There is a stone staircase leading down here.
There is a stone staircase leading up here.
You climb upwards.
There is a stone staircase leading down here.
Your extra speed is starting to run out.
You feel yourself slow down.
An ice devil comes into view.
You slice the ice devil!! You headbutt the ice devil.
The ice devil is severely wounded.
You slice the ice devil!!
You kill the ice devil!
Trog accepts your kill.
No target in view!
No target in view!
There is an open door here.
There is an open door here.
There is a staircase leading out of the dungeon here.
You can't go down here!
You have escaped!

..# ##...........## ..#
##...########..## ..#
##..##.......##..## ..#
#..##.#######.##..# ###
#.##.##.....##.##.## #
#.#.##.#####.'#.#..## #
#.###.##....#.#.#...#
########.#.###.'##.#.#.#.#.#
.##...##.#.#.###@#.#.#.#.#.#
.##...##.#.#.#.###.#.#.#.#.#
......##.#.#.##...##.#.#.#.#
.##...##.'.##.#####.##.#.#.##
.##...##.##.##.....##.##....#####
.##..###..##.#######.##...#.#....
.###.......##.......##......#....
#...........#########.....#......
#.........#...............##.....


There were no monsters in sight!

Vanquished Creatures
  the Royal Jelly (Slime:5)
  Mara (Depths:1)
  2 ancient liches
  Josephina (Depths:2)
  3 Killer Klowns
  Saint Roka (Vaults:1)
  A curse toe (Zot:4)
  Xtahua (Vaults:4)
  7 golden dragons
  The ghost of Ittor the Tainted, a veteran DsFi of Yredelemnul (Depths:2)
  4 bone dragons
  Arachne (Spider:2)
  2 electric golems (Zot:1)
  The ghost of cdecastro the Brawler, an adept TrFi of Elyvilon (Depths:2)
  An iron giant (Depths:3)
  18 tentacled monstrosities
  Zenata (Vaults:3)
  22 Orb Guardians
  2 walking earthen tomes (Depths:3)
  8 liches
  Asterion (Vaults:3)
  2 titans
  9 quicksilver dragons
  2 deep elf master archers (Elf:3)
  The ghost of howech the Warrior, an adept MiGl of Trog (Shoals:4)
  2 deep elf blademasters (Elf:3)
  8 death cobs
  4 sphinxes
  3 tentacled starspawn (Abyss:2)
  11 acid blobs
  The ghost of Cedruin the Warrior, an adept DrAr of Okawaru (Shoals:2)
  2 tengu reavers (Depths:2)
  The ghost of Himmaryad the Brawler, an adept TrMo of Nemelex Xobeh (Depths:2)
  2 krakens
  6 shadow dragons
  Kirke (Spider:2)
  Agnes (Spider:3)
  11 storm dragons
  10 draconian monks
  Donald (Shoals:1)
  The ghost of Areriun the Warrior, an adept GnWn of Gozag (Depths:2)
  Roxanne (Elf:3)
  The ghost of Nuqinleag the Devastator, an adept GrEE of Vehumet (Spider:4)
  9 rockslimes
  4 azure jellies
  6 emperor scorpions (Spider:4)
  6 ghost moths
  6 frost giants
  11 vault wardens
  6 deep elf sorcerers
  9 draconian knights
  4 fire giants
  A balrug (Depths:1)
  4 draconian scorchers
  A juggernaut zombie (Depths:2)
  Aizul (Spider:2)
  6 draconian stormcallers
  5 draconian annihilators
  4 deep elf elementalists (Elf:3)
  2 orc warlords (Vaults:4)
  6 draconian shifters
  4 broodmothers (Spider:3)
  11 ironbound preservers
  2 war gargoyles (Vaults:4)
  2 spriggan defenders (Depths:2)
  23 very ugly things
  A juggernaut skeleton (Depths:2)
  5 quicksilver oozes
  9 green draconians
  14 stone giants
  2 vampire knights
  11 black draconians
  8 ironbound thunderhulks
  6 deep elf demonologists (Elf:3)
  3 deep elf annihilators (Elf:3)
  6 spark wasps
  14 purple draconians
  11 red draconians
  8 yellow draconians
  Snorg (D:13)
  12 white draconians
  A green death (Abyss:2)
  11 ettins
  2 merfolk javelineers
  2 crystal guardians (Vaults:4)
  6 entropy weavers
  11 fire dragons
  5 deep elf death magi
  The ghost of Peloukages the Devastator, a journeyman DEFE of Vehumet (Lair:4)
  6 yaktaur captains
  12 great orbs of eyes
  7 deep elf high priests
  8 merfolk impalers
  2 vault guards (Vaults:4)
  8 ice dragons
  4 rakshasas
  5 peacekeepers
  A spriggan air mage (Depths:2)
  3 hydras
  A jorogumo (Spider:2)
  A merfolk avatar (Shoals:4)
  2 alligator snapping turtles
  8 boulder beetles
  6 ironbound frosthearts
  3 death yaks (Lair:5)
  A two-headed ogre (shapeshifter) (Elf:3)
  15 dancing weapons
  3 two-headed ogres
  A death knight (D:15)
  4 merfolk aquamancers (Shoals:4)
  15 centaur warriors
  A catoblepas (Lair:4)
  A radroach (Spider:2)
  A vampire mage (Depths:2)
  2 satyrs (Shoals:3)
  3 tengu warriors
  4 deep troll shamans
  A titan zombie (Depths:1)
  4 deep troll earth magi
  2 thrashing horrors (Abyss:2)
  4 orc high priests (Orc:2)
  3 spriggan berserkers
  A sun demon (Depths:3)
  4 skeletal warriors
  6 skysharks
  7 pharaoh ants
  5 soul eaters (Zot:2)
  6 deep elf knights
  3 wretched stars (Abyss:2)
  4 iron trolls
  8 sea snakes
  Lodul (D:12)
  3 sun moths
  A sixfirhy (D:12)
  2 flayed ghosts
  7 deep elf archers
  41 deep trolls
  5 glowing orange brains
  3 orb spiders
  A death drake (Zot:2)
  3 anaconda skeletons (Volcano)
  3 shadow dragon zombies
  An obsidian statue (Shoals:2)
  4 phantasmal warriors
  15 ironbound convokers
  An orb spider (shapeshifter) (Vaults:4)
  4 steelbarb worms (Spider:4)
  8 wizards
  10 lindwurms
  24 deep elf zephyrmancers
  7 necromancers
  3 orc knights (Vaults:4)
  24 harpies
  4 orc sorcerers
  27 deep elf pyromancers
  16 manticores
  A frost giant zombie (Depths:1)
  A stone giant zombie (Vaults:4)
  9 fauns
  45 ugly things
  A shining eye (Slime:4)
  38 wolf spiders
  A fire giant zombie (D:15)
  A worldbinder (Abyss:2)
  2 stone giant skeletons
  6 cyclopes
  10 elephants
  2 human skeletons (Vaults:4)
  A sphinx skeleton (Vaults:4)
  32 moths of wrath
  8 water nymphs
  3 eyes of devastation
  5 merfolk sirens
  A rust devil (D:12)
  5 black mambas
  An apocalypse crab (Abyss:2)
  8 cane toads
  5 demonic crawlers
  5 torpor snails
  A black mamba (shapeshifter) (Elf:3)
  2 molten gargoyles (Lair:5)
  17 vault sentinels
  4 smoke demons
  7 gargoyles
  An elf zombie (Vaults:4)
  2 kobold demonologists
  7 rime drakes
  28 yaktaurs
  3 orange demons
  An efreet (D:14)
  A guardian mummy (Zot:2)
  A rime drake (shapeshifter) (D:11)
  6 komodo dragons
  A tengu conjurer (Depths:2)
  A tormentor (Depths:3)
  3 ice devils
  A queen bee (D:13)
  2 red devils
  6 trolls
  A hellwing (D:12)
  8 wind drakes
  2 ancient zymes (Abyss:2)
  4 meliai
  2 polar bears
  3 blink frogs (Lair:4)
  A hornet (Lair:1)
  30 tarantellas
  49 merfolk
  A shadow dragon simulacrum (Depths:2)
  6 snapping turtles
  A moth of wrath zombie (Zot:2)
  A fire giant simulacrum (Depths:2)
  3 raiju (Abyss:2)
  A frost giant simulacrum (Depths:2)
  2 small abominations (Abyss:2)
  28 culicivoras
  43 slime creatures
  2 ettin skeletons
  3 flying skulls (Volcano)
  Sigmund (D:6)
  17 jumping spiders
  3 shadows
  A human simulacrum (Vaults:4)
  2 vampires
  An air elemental (Elf:3)
  2 alligator skeletons (Volcano)
  5 wraiths
  36 yaks
  5 ynoxinuls
  6 water elementals
  3 fire elementals
  5 hogs (Spider:2)
  4 starcursed masses (Abyss:2)
  8 wyverns
  8 basilisks
  13 vampire mosquitoes
  11 golden eyes
  37 redbacks
  2 neqoxecs
  Grum (Lair:1)
  A redback (shapeshifter) (Depths:3)
  A warg (D:8)
  A catoblepas simulacrum (Lair:4)
  5 steam dragons
  2 glowing shapeshifter zombies
  A swamp worm (shapeshifter) (Vaults:1)
  An acid dragon (D:6)
  A large abomination (Abyss:2)
  17 water moccasins
  A hydra simulacrum (Lair:4)
  5 hell hounds (Lair:5)
  A floating eye (Depths:2)
  12 ogres
  19 orc warriors
  A sky beast (D:7)
  4 black bears
  6 ice beasts
  A spriggan simulacrum (Depths:2)
  6 boggarts
  16 wolves
  5 centaurs
  19 bullfrogs
  4 kobold brigands
  A scorpion (D:6)
  A glowing shapeshifter simulacrum (Depths:2)
  5 wights (D:9)
  27 killer bees
  4 jellies
  4 howler monkeys
  2 dream sheep simulacra (Lair:4)
  3 electric eels
  A torpor snail simulacrum (Lair:4)
  5 troll skeletons (Volcano)
  6 lava snakes
  2 centaur zombies (Ossuary)
  2 hounds
  A komodo dragon simulacrum (Lair:4)
  4 quasits (D:12)
  2 human zombies
  27 orc priests
  3 sleepcaps
  Terence (D:2)
  21 orc wizards
  3 iguanas
  A naga skeleton (Volcano)
  7 mummies
  Robin (D:4)
  8 adders
  10 gnolls
  A shadow imp (D:5)
  A white imp (D:5)
  2 worms
  A dart slug (D:1)
  54 orcs
  4 bats
  8 endoplasms
  2 gnoll zombies (Ossuary)
  14 goblins
  13 hobgoblins
  2 jackals (D:2)
  6 quokkas
  5 ball pythons
  4 frilled lizards
  A goblin zombie (Ossuary)
  A hobgoblin zombie (Ossuary)
  17 kobolds
  An orc zombie (Ossuary)
  5 rats
  A spectral weapon (Vaults:3)
  8 starspawn tentacles (Abyss:2)
  4 tentacles
1933 creatures vanquished.

Vanquished Creatures (collateral kills)
  2 orbs of fire (Zot:5)
  Bai Suzhen (Vaults:3)
  A death cob (Zot:5)
  A culicivora (Spider:3)
5 creatures vanquished.

Vanquished Creatures (others)
  A vampire knight (Depths:2)
  A deep elf high priest (Elf:3)
  A caustic shrike simulacrum (Depths:2)
  A tengu warrior (Depths:2)
  2 deep elf knights
  A wizard (D:14)
  A human (Spider:2)
  An orc warrior (Vaults:1)
  An orc priest (Orc:2)
  2 orcs
  A starspawn tentacle (Abyss:2)
  5 tentacles
18 creatures vanquished.

Grand Total: 1956 creatures vanquished

Notes
Turn   | Place    | Note
-------+----------+-------------------------------------------
     0 | D:1      | coffeetime the Minotaur Berserker began the quest for the
                  | Orb.
     0 | D:1      | Reached XP level 1. HP: 19/19 MP: 0/0
   110 | D:1      | Reached XP level 2. HP: 27/28 MP: 1/1
   123 | D:1      | Found a faded altar of an unknown god.
   898 | D:2      | Reached skill level 5 in Fighting
   921 | D:2      | Reached XP level 3. HP: 32/36 MP: 2/2
   940 | D:2      | Found Saotoici's One-of-a-Kind Rings.
   988 | D:2      | Reached ** piety under Trog
  1018 | D:2      | You fall into a shaft and drop 2 floors!
  1035 | D:4      | Noticed Robin
  1081 | D:4      | Reached XP level 4. HP: 40/44 MP: 3/3
  1085 | D:4      | Killed Robin
  1632 | D:3      | Found a snail-covered altar of Cheibriados.
  1642 | D:3      | Reached XP level 5. HP: 33/52 MP: 4/4
  2077 | D:2      | Noticed Terence
  2083 | D:2      | Killed Terence
  2201 | D:2      | Reached *** piety under Trog
  2373 | D:2      | Found a burning altar of Makhleb.
  3060 | D:4      | Reached XP level 6. HP: 39/61 MP: 5/5
  3338 | D:5      | Entered Level 5 of the Dungeon
  3446 | D:5      | Found a white marble altar of Elyvilon.
  3508 | D:5      | Noticed a water moccasin
  3513 | D:5      | Killed a water moccasin
  3538 | D:5      | Reached XP level 7. HP: 56/70 MP: 6/6
  3566 | D:5      | Reached skill level 5 in Armour
  3589 | D:5      | Found a sand-covered staircase.
  3604 | Ossuary  | Entered an ossuary
  3745 | Ossuary  | Reached **** piety under Trog
  3941 | D:5      | Found a staircase to the Ecumenical Temple.
  4325 | D:5      | Reached skill level 10 in Fighting
  4325 | D:5      | Reached XP level 8. HP: 79/79 MP: 7/7
  4569 | D:6      | Found the +8 Wrath of Trog {antimagic, *Rage Rampage}
  4589 | D:6      | Reached skill level 1 in Throwing
  4589 | D:6      | Reached skill level 1 in Shields
  4745 | D:6      | Noticed a troll
  4752 | D:6      | Killed a troll
  4916 | D:6      | Noticed Sigmund
  4935 | D:6      | Killed Sigmund
  5408 | D:6      | Reached XP level 9. HP: 85/85 MP: 8/8
  5429 | D:6      | Reached skill level 5 in Shields
  5714 | D:7      | Noticed a two-headed ogre
  5729 | D:7      | Killed a two-headed ogre
  5730 | D:7      | Reached skill level 5 in Throwing
  5845 | D:7      | Identified the +4 dagger "Numpaegi" {flame, Dex+4}
  5929 | D:7      | Found an ancient bone altar of Kikubaaqudgha.
  6408 | D:8      | Noticed Maurice
  6413 | D:8      | Maurice changed into Maurice the warg
  6413 | D:8      | Noticed Maurice
  6417 | D:8      | Killed Maurice the warg
  6515 | D:8      | Reached skill level 10 in Armour
  6674 | D:8      | Reached XP level 10. HP: 93/96 MP: 9/9
  7127 | D:9      | Reached ***** piety under Trog
  7206 | D:9      | Found an iron altar of Okawaru.
  7439 | D:9      | Found a one-way gate to the infinite horrors of the Abyss.
  7678 | D:9      | Reached skill level 4 in Axes
  8188 | D:9      | Found a large runed translucent door.
  8188 | D:9      | Found a large runed translucent door.
  8190 | D:9      | Found a corrupted altar of Lugonu.
  8190 | D:9      | Noticed a purple ugly thing
  8345 | D:10     | Entered Level 10 of the Dungeon
  8382 | D:10     | Identified 2 scrolls of acquirement
  8383 | D:10     | Acquired a manual of Fighting
  8385 | D:10     | Acquired 844 gold pieces
  8485 | D:10     | Reached skill level 5 in Axes
  8505 | D:10     | Found a shimmering altar of Xom.
  8610 | D:10     | Found a staircase to the Lair.
  8725 | D:10     | Reached skill level 6 in Axes
  9170 | D:11     | Noticed a gargoyle
  9180 | D:11     | Killed a gargoyle
  9183 | D:11     | Reached XP level 11. HP: 71/107 MP: 10/10
  9606 | D:11     | Identified the +7 broad axe of War {flame, *Noise +Blink
                  | rPois} (Trog gifted it to you on level 11 of the Dungeon)
  9606 | D:11     | Received a gift from Trog
  9611 | D:11     | Reached skill level 7 in Axes
 10089 | D:11     | Found a staircase to the Orcish Mines.
 10178 | D:11     | Noticed a two-headed ogre
 10182 | D:11     | Killed a two-headed ogre
 10365 | Lair:1   | Entered Level 1 of the Lair of Beasts
 10526 | Lair:1   | Reached skill level 1 in Evocations
 10921 | Lair:1   | Noticed Grum
 10939 | Lair:1   | Killed Grum
 10940 | Lair:1   | Reached skill level 8 in Axes
 11261 | Lair:1   | Reached skill level 15 in Fighting
 11741 | Lair:2   | Found a hole to the Spider Nest.
 11911 | Lair:2   | Noticed a skyshark
 11923 | Lair:2   | Killed a skyshark
 11924 | Lair:2   | Reached XP level 12. HP: 121/121 MP: 11/11
 12158 | Lair:2   | Reached skill level 9 in Axes
 12958 | Lair:3   | Received a gift from Trog
 12959 | Lair:3   | Reached skill level 10 in Throwing
 13093 | Lair:3   | Reached skill level 10 in Axes
 13093 | Lair:3   | Reached skill level 5 in Evocations
 13171 | Lair:3   | Found a dark tunnel.
 13183 | Volcano  | Entered a volcano
 13620 | Volcano  | Reached XP level 13. HP: 79/133 MP: 12/12
 13957 | Lair:3   | Reached skill level 5 in Dodging
 14274 | Lair:3   | Found a staircase to the Shoals.
 14549 | Lair:4   | Reached skill level 11 in Axes
 14549 | Lair:4   | Found a runed translucent gate.
 14549 | Lair:4   | Found a runed translucent gate.
 14549 | Lair:4   | Found a runed translucent gate.
 14777 | Lair:4   | Noticed Peloukages's ghost (journeyman DEFE)
 14828 | Lair:4   | Found a runed translucent door.
 14829 | Lair:4   | Found a viscous altar of Jiyva.
 15332 | Lair:4   | Found a staircase to the Slime Pits.
 15392 | Lair:4   | Killed Peloukages's ghost
 15490 | Lair:5   | Entered Level 5 of the Lair of Beasts
 15643 | Lair:5   | Identified the +12 spear of Powerful Hatred {heavy, rC+}
                  | (Trog gifted it to you on level 5 of the Lair of Beasts)
 15643 | Lair:5   | Received a gift from Trog
 15818 | Lair:5   | Reached skill level 12 in Axes
 16064 | Lair:5   | Noticed a fire dragon
 16473 | Lair:5   | Found a large runed translucent door.
 16474 | Lair:5   | Found a large runed translucent door.
 16505 | Lair:5   | Killed a fire dragon
 16620 | Lair:5   | Reached XP level 14. HP: 123/146 MP: 13/13
 16921 | Lair:5   | Found a snail-covered altar of Cheibriados.
 17321 | Orc:1    | Entered Level 1 of the Orcish Mines
 17339 | D:11     | Received a gift from Trog
 17808 | Orc:2    | Entered Level 2 of the Orcish Mines
 18013 | Orc:2    | Found a staircase to the Elven Halls.
 18459 | Orc:2    | Found Nujyaw's General Store.
 18462 | Orc:2    | Found Cyopalug's Jewellery Shoppe.
 18497 | Orc:2    | Found Bico's Antique Weapon Shop.
 18497 | Orc:2    | Found Eduvask's Book Shop.
 18499 | Orc:2    | Found Ucuhe Tani's General Store.
 18503 | Orc:2    | Found Dotidiw's Book Boutique.
 18518 | Orc:2    | Received a gift from Trog
 19036 | D:12     | Reached skill level 10 in Shields
 19422 | D:12     | Noticed Lodul
 19429 | D:12     | Killed Lodul
 19501 | D:12     | Gained mutation: You are clumsy. (Dex -2) [a neqoxec]
 19502 | D:12     | Gained mutation: You sometimes lose your temper in combat.
                  | [a neqoxec]
 19534 | D:12     | Acquired a +1 pair of gloves of dexterity
 19546 | D:12     | Lost mutation: You sometimes lose your temper in combat.
                  | [potion of mutation]
 19546 | D:12     | Lost mutation: You are clumsy. (Dex -2) [potion of
                  | mutation]
 19546 | D:12     | Gained mutation: You are occasionally teleported next to
                  | monsters. [potion of mutation]
 19546 | D:12     | Gained mutation: Your spells are a little harder to cast,
                  | but a little more powerful. [potion of mutation]
 19546 | D:12     | Gained mutation: A frigid envelope surrounds you and
                  | freezes all who hurt you. [potion of mutation]
 19547 | D:12     | Lost mutation: You are occasionally teleported next to
                  | monsters. [potion of mutation]
 19547 | D:12     | Lost mutation: Your spells are a little harder to cast, but
                  | a little more powerful. [potion of mutation]
 19547 | D:12     | Lost mutation: A frigid envelope surrounds you and freezes
                  | all who hurt you. [potion of mutation]
 19547 | D:12     | Gained mutation: You are frail. (-10% HP) [potion of
                  | mutation]
 19547 | D:12     | Gained mutation: You occasionally lose the ability to read
                  | scrolls when taking damage. [potion of mutation]
 19547 | D:12     | Gained mutation: Your muscles are strong. (Str +4, Int/Dex
                  | -1) [potion of mutation]
 19826 | D:13     | Identified the +6 plate armour "Mimperuh" {rF+ Dex+5}
 19931 | D:13     | Reached skill level 10 in Dodging
 20190 | D:13     | Reached ****** piety under Trog
 20255 | D:13     | Identified the +0 robe of the Arcane {rPois rN+ Will+
                  | Str-2}
 20349 | D:13     | Found a sparkling altar of Nemelex Xobeh.
 20383 | D:13     | Received a gift from Trog
 20505 | D:13     | Noticed Snorg
 20516 | D:13     | Killed Snorg
 21071 | D:14     | Found a gate to the Vaults.
 21246 | D:14     | Reached skill level 10 in Evocations
 21262 | D:14     | Reached XP level 15. HP: 132/136 MP: 14/14
 21331 | D:14     | Found an iron altar of Okawaru.
 21361 | D:14     | Reached skill level 13 in Axes
 21456 | D:15     | Entered Level 15 of the Dungeon
 21852 | D:15     | Found a staircase to the Depths.
 21909 | D:15     | Reached skill level 15 in Shields
 22058 | D:15     | Received a gift from Trog
 22276 | D:15     | Reached skill level 14 in Axes
 22420 | Lair:1   | Upgraded the game from 0.30.1-1-g62c8e00024 to
                  | 0.30.1-3-gfc49f6343a
 22472 | Spider:1 | Entered Level 1 of the Spider Nest
 23734 | Spider:2 | Noticed Kirke
 23746 | Spider:2 | Killed Kirke
 23998 | Spider:2 | Noticed Arachne
 24024 | Spider:2 | Killed Arachne
 24368 | Spider:2 | Identified the +1 short sword "Xoocsa Puri" {freeze, rF+}
 24416 | Spider:2 | Reached XP level 16. HP: 138/144 MP: 15/15
 24520 | Spider:2 | Reached skill level 15 in Axes
 24543 | Spider:2 | Received a gift from Trog
 24646 | Spider:2 | Noticed Aizul
 24661 | Spider:2 | Killed Aizul
 25427 | Spider:3 | Noticed Agnes
 25435 | Spider:3 | Killed Agnes
 25728 | Spider:3 | Reached skill level 15 in Armour
 26095 | Spider:3 | Reached skill level 16 in Axes
 26292 | Spider:4 | Entered Level 4 of the Spider Nest
 26317 | Spider:4 | Received a gift from Trog
 26793 | Spider:4 | Found a runed translucent gate.
 26793 | Spider:4 | Found a runed translucent gate.
 26794 | Spider:4 | Found a runed translucent gate.
 26795 | Spider:4 | Noticed Nuqinleag's ghost (adept GrEE)
 27023 | Spider:4 | Reached skill level 17 in Axes
 27073 | Spider:4 | Identified the +3 battleaxe "Zist" {flame, Str+7 Int-2
                  | SInv} (Trog gifted it to you on level 4 of the Spider Nest)
 27073 | Spider:4 | Received a gift from Trog
 27133 | Spider:4 | Reached XP level 17. HP: 151/151 MP: 11/16
 27284 | Spider:4 | Got a gossamer rune of Zot
 27334 | Spider:4 | Found a hide-covered altar of Uskayaw.
 27525 | Shoals:1 | Entered Level 1 of the Shoals
 27525 | Shoals:1 | Found the +9 sword of Power {lifebolt}
 27878 | Spider:4 | Killed Nuqinleag's ghost
 27983 | Spider:4 | Identified the +0 cloak of Egalitarianism {rCorr Dex+4}
 27984 | Spider:4 | Identified the +2 helmet "Qifibrol" {Rampage}
 28362 | Shoals:1 | Noticed Donald
 28376 | Shoals:1 | Killed Donald
 28450 | Shoals:1 | Reached skill level 18 in Axes
 29098 | Shoals:2 | Received a gift from Trog
 29126 | Shoals:2 | Found a runed translucent gate.
 29126 | Shoals:2 | Found a runed translucent gate.
 29126 | Shoals:2 | Found a runed translucent gate.
 29127 | Shoals:2 | Found an opulent altar of Gozag.
 29128 | Shoals:2 | Found Itenoita's Assorted Antiques.
 29129 | Shoals:2 | Noticed Cedruin's ghost (adept DrAr)
 29408 | Shoals:2 | Found Woumaina's Distillery.
 29466 | Shoals:2 | Bought a potion of mutation for 136 gold pieces
 29506 | Shoals:2 | Noticed a kraken
 29528 | Shoals:2 | Killed a kraken
 30218 | Shoals:3 | Reached skill level 19 in Axes
 30386 | Shoals:3 | Noticed a kraken
 30395 | Shoals:3 | Killed a kraken
 30498 | Shoals:3 | Found a transporter.
 30498 | Shoals:3 | Found Zeoleh's Magic Scroll Emporium.
 30502 | Shoals:3 | Found a transporter.
 30517 | Shoals:3 | Bought a scroll of teleportation for 42 gold pieces
 30517 | Shoals:3 | Bought a scroll of teleportation for 42 gold pieces
 30628 | Shoals:3 | Received a gift from Trog
 31012 | Shoals:4 | Entered Level 4 of the Shoals
 31062 | Shoals:4 | Found a runed translucent door.
 31066 | Shoals:4 | Noticed howech's ghost (adept MiGl)
 31190 | Shoals:4 | Reached XP level 18. HP: 137/158 MP: 17/17
 31374 | Shoals:4 | Killed howech's ghost
 31416 | Shoals:4 | Reached skill level 20 in Axes
 31560 | Shoals:4 | Received a gift from Trog
 31984 | Shoals:4 | Got a barnacled rune of Zot
 32527 | Shoals:2 | Killed Cedruin's ghost
 32716 | Shoals:2 | Bought a potion of haste for 170 gold pieces
 32716 | Shoals:2 | Bought a potion of haste for 170 gold pieces
 32716 | Shoals:2 | Bought a potion of resistance for 170 gold pieces
 32716 | Shoals:2 | Bought a potion of haste for 170 gold pieces
 32933 | Elf:1    | Entered Level 1 of the Elven Halls
 33920 | Elf:1    | Reached skill level 21 in Axes
 33924 | Elf:1    | Received a gift from Trog
 34701 | Elf:2    | Found a runed translucent gate.
 34701 | Elf:2    | Found a runed translucent gate.
 34703 | Elf:2    | Found a runed translucent gate.
 34801 | Elf:3    | Entered Level 3 of the Elven Halls
 34905 | Elf:3    | Found Tevihayd's Weapon Shoppe.
 34916 | Elf:3    | Paralysed by an air elemental for 1 turns
 34981 | Elf:3    | Identified Roxanne's Folio of Modification
 34981 | Elf:3    | Noticed Roxanne
 35010 | Elf:3    | Killed Roxanne
 35061 | Elf:3    | Found Warhuid's Jewellery Emporium.
 35283 | Elf:3    | Received a gift from Trog
 35325 | Elf:3    | Reached XP level 19. HP: 163/163 MP: 6/18
 35383 | Elf:3    | Identified the +7 war axe of Bar Wus {freeze, +Blink}
 35397 | Elf:3    | Identified the +6 scale mail of Narrow Knowledge {rC++
                  | Str+3 Dex+3}
 35399 | Elf:3    | Noticed a Tzitzimitl
 35584 | Elf:3    | Noticed a Brimstone Fiend
 35598 | Elf:3    | Reached skill level 22 in Axes
 35685 | Elf:3    | Noticed a Brimstone Fiend
 35688 | Elf:3    | Noticed a Brimstone Fiend
 35689 | Elf:3    | Noticed a Tzitzimitl
 35712 | Elf:3    | Identified the ring of Kipn {rC+ Will+ MP+9 Dex+6}
 35714 | Elf:3    | Identified the +9 battleaxe of Zin's Benevolence {heavy,
                  | rC+ rCorr Dex-5}
 35743 | Elf:3    | Identified the +1 plate armour of Zaxed {+Blink Str+4}
 35969 | Elf:3    | Identified the +1 dagger "Nupaogarr" {freeze, Str+3}
 36648 | Vaults:1 | Entered Level 1 of the Vaults
 36703 | Vaults:1 | Noticed Saint Roka
 36837 | Vaults:1 | Killed Saint Roka
 36880 | Abyss:2  | Cast into level 2 of the Abyss (a wizard)
 36920 | Abyss:2  | Noticed a bone dragon
 36941 | Abyss:2  | Killed a bone dragon
 36985 | Abyss:2  | Found a corrupted altar of Lugonu.
 36991 | Abyss:2  | Found a corrupted altar of Lugonu.
 36991 | Abyss:2  | Found a corrupted altar of Lugonu.
 37130 | Abyss:2  | Found a corrupted altar of Lugonu.
 37272 | Vaults:1 | Escaped the Abyss
 37282 | Vaults:1 | Received a gift from Trog
 37552 | Vaults:1 | Found Narchuargh's Antique Weapon Boutique.
 37679 | Vaults:1 | Reached skill level 23 in Axes
 38123 | Vaults:1 | Noticed Tang's ghost (master DsGl)
 38145 | Vaults:1 | Found a transporter.
 38148 | Vaults:1 | Found a transporter.
 38151 | Vaults:1 | Noticed an ancient lich
 38152 | Vaults:1 | Noticed Feagond's ghost (adept HOMo)
 38920 | Vaults:2 | Noticed Mennas
 39070 | Vaults:2 | Reached XP level 20. HP: 167/171 MP: 19/19
 39142 | Vaults:3 | Noticed Asterion
 39148 | Vaults:3 | Received a gift from Trog
 39154 | Vaults:3 | Killed Asterion
 39443 | Vaults:3 | Noticed Zenata
 39549 | Vaults:3 | Noticed Bai Suzhen
 39563 | Vaults:3 | Killed Bai Suzhen
 39928 | Vaults:3 | Identified the +6 scale mail "Zorunof" {Contam Int+7}
 40473 | Vaults:3 | Killed Zenata
 40542 | Vaults:3 | Received a gift from Trog
 41551 | Vaults:4 | Reached skill level 15 in Evocations
 41649 | Vaults:4 | Noticed Xtahua
 41669 | Vaults:4 | Killed Xtahua
 42031 | Vaults:4 | Received a gift from Trog
 42439 | Vaults:4 | Identified the +4 ring mail of Baubucoh {rF+ Dex+2}
 42654 | Vaults:4 | Reached XP level 21. HP: 181/183 MP: 9/20
 43356 | Depths:1 | Entered Level 1 of the Depths
 43474 | Depths:1 | Received a gift from Trog
 43837 | Depths:1 | Found a one-way gateway to a ziggurat.
 43887 | Depths:1 | Noticed Mara
 43892 | Depths:1 | Noticed coffeetime's illusion
 44004 | Depths:1 | Killed Mara
 44042 | Depths:1 | Found a bloodstained altar of Trog.
 44522 | Depths:1 | Found Quss's Magic Scroll Boutique.
 44524 | Depths:1 | Found Lesmyfeo's Antique Armour Boutique.
 44525 | Depths:1 | Found Huin's Jewellery Boutique.
 44527 | Depths:1 | Found Inwec's General Store.
 44542 | Depths:1 | Bought a scroll of enchant weapon for 112 gold pieces
 44542 | Depths:1 | Bought a scroll of teleportation for 45 gold pieces
 44542 | Depths:1 | Bought a scroll of blinking for 112 gold pieces
 44542 | Depths:1 | Bought a scroll of butterflies for 60 gold pieces
 44542 | Depths:1 | Bought a scroll of fear for 60 gold pieces
 44552 | Depths:1 | Bought a wand of charming (3) for 165 gold pieces
 44632 | Depths:1 | Found a gateway to Hell.
 44966 | Depths:2 | Found a runed translucent gate.
 44967 | Depths:2 | Found a runed translucent gate.
 44967 | Depths:2 | Found a runed translucent gate.
 44968 | Depths:2 | Noticed cdecastro's ghost (adept TrFi)
 44968 | Depths:2 | Noticed Areriun's ghost (adept GnWn)
 44968 | Depths:2 | Noticed Himmaryad's ghost (adept TrMo)
 44968 | Depths:2 | Noticed Ittor's ghost (veteran DsFi)
 44984 | Depths:2 | Killed Ittor's ghost
 44988 | Depths:2 | Killed cdecastro's ghost
 44995 | Depths:2 | Killed Himmaryad's ghost
 45006 | Depths:2 | Killed Areriun's ghost
 45084 | Depths:2 | Identified the +2 hat "Sana" {rC+}
 45147 | Depths:2 | Identified the ring "Idyaloa" {Ice rElec}
 45147 | Depths:2 | Noticed Josephina
 45173 | Depths:2 | Killed Josephina
 45845 | Depths:2 | Received a gift from Trog
 46017 | Depths:2 | Found a one-way gate leading to the halls of Pandemonium.
 46067 | Depths:2 | Reached skill level 15 in Dodging
 46401 | Depths:3 | You fall into a shaft and drop 1 floor!
 46401 | Depths:4 | Entered Level 4 of the Depths
 46495 | Depths:4 | Reached XP level 22. HP: 191/191 MP: 10/21
 46824 | Depths:3 | Noticed a golden dragon
 46842 | Depths:3 | Killed a golden dragon
 47049 | Depths:3 | Received a gift from Trog
 47070 | Depths:3 | Reached skill level 15 in Throwing
 47197 | Depths:3 | Paralysed by a vampire knight for 5 turns
 47453 | Depths:3 | Found a glowing silver altar of Zin.
 47740 | Depths:4 | Reached skill level 24 in Axes
 48371 | Depths:4 | Reached skill level 25 in Axes
 48573 | Depths:4 | Received a gift from Trog
 48578 | Depths:4 | Found a gate to the Realm of Zot.
 48584 | Depths:4 | Noticed a golden dragon
 48603 | Depths:4 | Killed a golden dragon
 48679 | Depths:4 | Found Qeitouwa's Book Emporium.
 48775 | Depths:4 | Found Ecwiq's Antique Weapon Shoppe.
 48790 | Depths:4 | Found a shadowy altar of Dithmenos.
 49017 | Depths:4 | Lost mutation: Your muscles are strong. (Str +4, Int/Dex
                  | -1) [potion of mutation]
 49017 | Depths:4 | Lost mutation: You are frail. (-10% HP) [potion of
                  | mutation]
 49017 | Depths:4 | Lost mutation: You occasionally lose the ability to read
                  | scrolls when taking damage. [potion of mutation]
 49017 | Depths:4 | Gained mutation: Your body sometimes deteriorates upon
                  | taking damage. [potion of mutation]
 49297 | Slime:1  | Entered Level 1 of the Pits of Slime
 49438 | Slime:4  | Gained mutation: You are clumsy. (Dex -2) [a shining eye]
 49470 | Slime:5  | Entered Level 5 of the Pits of Slime
 49500 | Slime:5  | Reached skill level 26 in Axes
 49596 | Slime:5  | Found a viscous altar of Jiyva.
 49596 | Slime:5  | Noticed the Royal Jelly
 49619 | Slime:5  | Found the +5 scythe "Finisher" {speed, execute}
 49650 | Slime:5  | Killed the Royal Jelly
 49681 | Slime:5  | Identified the +9 scimitar of the Fox {venom, Fly Int+3}
 49688 | Slime:5  | Found the +3 giant club "Skullcrusher" {speed, Str+7}
 49699 | Slime:5  | Identified the ring of Kotykh {rCorr Dex+6}
 49710 | Slime:5  | Identified the +4 whip of Calamity {heavy, +Blink rF+ Str-4
                  | Int+7}
 49725 | Slime:5  | Found the +2 Maxwell's thermic engine {flame, freeze, rev}
 49738 | Slime:5  | Got a slimy rune of Zot
 49754 | Slime:5  | Identified the amulet "Baevoh" {Regen+ SInv}
 49777 | Slime:5  | Identified the scarf "Nozoc" {shadows, rElec rF- Will++
                  | Int+3}
 49834 | Slime:5  | Identified the +8 chain mail of Hysteria {rF+ Str+2 SInv}
 50223 | Zot:1    | Entered Level 1 of the Realm of Zot
 50230 | Zot:1    | Reached XP level 23. HP: 214/220 MP: 22/22
 50516 | Zot:1    | Reached skill level 27 in Axes
 50632 | Zot:1    | Received a gift from Trog
 51181 | Zot:1    | Noticed a dread lich
 51231 | Zot:1    | Noticed an orb of fire
 51264 | Zot:1    | Found a transporter.
 51268 | Zot:1    | Found a shimmering blue altar of Sif Muna.
 51293 | Zot:1    | Noticed an ancient lich
 52179 | Zot:2    | Received a gift from Trog
 52394 | Zot:2    | Noticed an ancient lich
 52406 | Zot:2    | Killed an ancient lich
 52619 | Zot:2    | You fall into a shaft and drop 1 floor!
 52623 | Zot:3    | Found a runed translucent gate.
 52657 | Zot:3    | Found a runed translucent gate.
 52658 | Zot:3    | Noticed Foeroudum's ghost (master MfBe)
 52671 | Zot:3    | Found a runed translucent gate.
 52860 | Zot:2    | Received a gift from Trog
 53100 | Zot:3    | Noticed a curse toe
 53253 | Zot:3    | Noticed a Killer Klown
 53273 | Zot:3    | Killed a Killer Klown
 53274 | Zot:3    | Reached XP level 24. HP: 210/236 MP: 10/22
 54398 | Zot:4    | Received a gift from Trog
 54867 | Zot:5    | Entered Level 5 of the Realm of Zot
 55465 | Zot:5    | Noticed an ancient lich
 55496 | Zot:5    | Killed an ancient lich
 55596 | Zot:5    | Noticed a Killer Klown
 55626 | Zot:5    | Killed a Killer Klown
 55652 | Zot:5    | Noticed a Killer Klown
 55667 | Zot:5    | Noticed an orb of fire
 55669 | Zot:5    | Killed a Killer Klown
 55696 | Zot:5    | Noticed an orb of fire
 55705 | Zot:5    | Killed an orb of fire
 55712 | Zot:5    | Gained mutation: You are weak. (Str -2) [an orb of fire]
 55713 | Zot:5    | Killed an orb of fire
 55741 | Zot:5    | Lost mutation: Your body sometimes deteriorates upon taking
                  | damage. [potion of mutation]
 55741 | Zot:5    | Lost mutation: You are weak. (Str -2) [potion of mutation]
 55741 | Zot:5    | Lost mutation: You are clumsy. (Dex -2) [potion of
                  | mutation]
 55741 | Zot:5    | Gained mutation: You are clumsy. (Dex -2) [potion of
                  | mutation]
 55741 | Zot:5    | Gained mutation: Your body sometimes deteriorates upon
                  | taking damage. [potion of mutation]
 55742 | Zot:5    | Lost mutation: Your body sometimes deteriorates upon taking
                  | damage. [potion of mutation]
 55742 | Zot:5    | Lost mutation: You are clumsy. (Dex -2) [potion of
                  | mutation]
 55742 | Zot:5    | Gained mutation: You are resistant to electric shocks.
                  | (rElec) [potion of mutation]
 55742 | Zot:5    | Gained mutation: You have sharp toenails. [potion of
                  | mutation]
 55742 | Zot:5    | Gained mutation: You are frail. (-10% HP) [potion of
                  | mutation]
 55742 | Zot:5    | Gained mutation: You have an increased reservoir of magic.
                  | (+10% MP) [potion of mutation]
 55935 | Zot:5    | Got the Orb of Zot
 55943 | Zot:5    | Noticed Doqof the pandemonium lord
 56403 | D:$      | Escaped with the Orb!

Illustrated notes

Levels and vault maps discovered:
D:1:      evilmike_arrival_rings, layout_basic,
          shapermc_ecumenical_altar_acropolis, minmay_gold_behind_fungi,
          minmay_misc_feat_columns
D:2:      minmay_door_path, layout_loops_ring, basic_altar,
          nicolae_shop_unique_rings, minmay_increasing_density, uniq_terence
D:3:      layout_loops_ring, chei_slow_surprise
D:4:      layout_rooms, saegor_snake_ambush, uniq_robin
D:5:      black_bear_nest_2, layout_loops_ring, elyvilon_altar_3,
          temple_statues, gup_ossuary_entry_pyramid
D:6:      layout_basic, uniq_sigmund
D:7:      layout_loops_ring, kiku_gazebo_garden_becter
D:8:      layout_gridville, uniq_maurice
D:9:      due_chaos_kobolds, layout_stronghold,
          mainiacjoe_overflow_concentric_impassable
D:10:     layout_stronghold, xom_teletrap_fun, hellmonk_lair_entry_icy
D:11:     layout_basic, orc_0_dummy, hangedman_decor_diamond_cutter,
          grunt_ministairs_6
D:12:     layout_loops_ring, serial_demonic, serial_demonic_d, serial_demonic_d,
          serial_demonic_b, serial_demonic_a, serial_demonic_b,
          serial_demonic_f, uniq_lodul
D:13:     layout_basic, special_room [special_room_bee],
          nemelex_spade_bored_becter, uniq_snorg
D:14:     layout_roguey, erik_vaults_1, small_statue_intersection,
          okawaru_metal_pillars_1_2
D:15:     gammafunk_depths_entry_grave, layout_rooms, serial_bayou_pond_b
Lair:1:   layout_long_grid, st_stairs_8, infiniplex_staircase_pool, uniq_grum
Lair:2:   layout_chaotic_city, hellmonk_spider_entry_not_the_bees,
          chequers_serial_rivers_large_a
Lair:3:   layout_gridlike, shoals_dummy_entry, nicolae_volcano_entry_lava_flow,
          serial_bayou_shore_a, grunt_megastairs_1, lemuel_fruit_fields
Lair:4:   layout_long_grid, slime_entry_2, gammafunk_ghost_icy
Lair:5:   cheibrodos_lair_end_hotspot, layout_long_grid, basic_altar,
          serial_rivers, chequers_serial_rivers_room_a,
          chequers_serial_rivers_room_b, chequers_serial_rivers_micro_e,
          chequers_serial_rivers_large_b
Shoals:1: layout_shoals, uniq_donald
Shoals:2: layout_shoals, ebering_ghost_gozag, serial_shops,
          nicolae_shop_industrial_runoff
Shoals:3: layout_shoals, serial_shops, nicolae_shop_drivethru
Shoals:4: shoals_end_grunt_ice, layout_shoals, hellmonk_ghost_happy_afterlife
Spider:1: layout_chambers, spiders_nest_hornet_nest
Spider:2: layout_spider_delve, hellmonk_test_site, uniq_arachne, uniq_kirke,
          uniq_aizul
Spider:3: nicolae_spider_broodchamber, uniq_agnes
Spider:4: grunt_spider_rune_circles, gammafunk_ghost_tricky_traps,
          nicolae_spider_altar_of_dancing
Slime:1:  layout_caves
Slime:2:  layout_caves, cheibrodos_slime_lost_civilization_7
Slime:3:  layout_caves
Slime:4:  layout_caves
Slime:5
Orc:1:    layout_caves
Orc:2:    st_orc_mages, layout_diamond_mine, serial_shops,
          nicolae_shop_tiny_glass, basic_altar, minmay_shop_enchanted_jewellery
Elf:1:    eino_elf_arrival_customs, layout_onion_city,
          kennysheep_underground_church, lemuel_flame_loot_1
Elf:2:    nicolae_elf_blades_splatter_lattice [infiniplex_blade_entry_pillars],
          layout_rooms
Elf:3:    minmay_elf_hall_not_hex, layout_rooms, serial_shops, shop, shop,
          uniq_roxanne
Vaults:1: nzn_ghost_randoct, v_alt_pattern_6, v_misc_3, grunt_vaults_swirl,
          nicolae_vaults_angled_halls, ontoclasm_vaults_misaligned,
          vaults_dpeg_hooks, nicolae_vaults_mitosis, vaults_room_corners,
          nicolae_vaults_specimen_jars, nicolae_vaults_tetromino_L_1,
          ontoclasm_vaults_eye, layout_vaults_omnicross, serial_shops,
          nicolae_shop_tiny_real_fake_doors, uniq_saint_roka
Vaults:2: nicolae_vaults_trapezoid_1, vaults_mumra_hexcomb,
          nicolae_vaults_theta, nicolae_vaults_taking_the_gang_shopping,
          v_alt_pattern_2, st_octagons_1, minmay_crypt_entry_simple_round,
          nicolae_vaults_little_squares_5, nicolae_vaults_diamond_2, v_misc_3,
          vaults_room_grid, layout_vaults_chaotic_city, uniq_mennas, uniq_boris
Vaults:3: v_pattern_4, v_misc_18, st_squares, nicolae_vaults_house_3,
          nicolae_vaults_trapezoid_4, vaults_room_fours, layout_vaults_omnigrid,
          uniq_bai_suzhen, uniq_zenata, uniq_asterion
Vaults:4: nicolae_vaults_inception_scallops, v_misc_8, vaults_room_pools,
          nicolae_vaults_branching_niches, vaults_room_hallway,
          hangedman_vaults_nodes, nicolae_vaults_storage_closets_2,
          nicolae_vaults_diamond_1, nicolae_vaults_big_ls,
          hangedman_vaults_impose, ontoclasm_vaults_spin,
          ontoclasm_vaults_shuriken, v_pattern_5, vaults_room_pool,
          nicolae_vaults_alarming, nicolae_vaults_house_1, layout_vaults_ring,
          uniq_xtahua
Depths:1: layout_basic, enter_ziggurat_b, hangedman_glass_teeth,
          lightli_too_deep, nicolae_sextant, minmay_shop_grid_forest,
          trog_three_pillars_becter, uniq_mara
Depths:2: nzn_winding_woodlands_cross [nzn_winding_woodlands_5x15_concentric,
          nzn_winding_woodlands_5x15_zeroes, nzn_winding_woodlands_5x15_pool,
          nzn_winding_woodlands_5x15_river_crossing,
          nzn_winding_woodlands_15x15_killbox], layout_cave_pools, hell_entry,
          rand_demon_pan_entry_1, hangedman_decor_peaks_small,
          gammafunk_ghost_cemetery, uniq_josephina
Depths:3: minmay_roctagon, layout_gridlike, rand_demon_pan_entry_9, hell_entry,
          hangedman_decor_cross_pass, abyss_entry_crystal, zin_academy
Depths:4: grunt_zot_entry_bicorn, layout_cave_shapes,
          grunt_dithmenos_smoke_and_mirrors, pf_vacation_house_of_asmodeus,
          abyss_entry_glasseish, minmay_shoptagon
Zot:1:    gammafunk_sealed_library, layout_gridlike, zot_minivault_1
Zot:2:    hangedman_snap_crack_crunch, layout_onion, uniq_grunn
Zot:3:    layout_basic, gammafunk_ghost_split
Zot:4:    kennysheep_room_grid, layout_cellular_growth
Zot:5:    layout_misc_corridors

Skill      XL: |  1  2  3  4  5  6  7  8  9 10 11 12 13 14 15 16 17 18 19 20 21 22 23 24 |
---------------+-------------------------------------------------------------------------+-----
Fighting       | 4 5 6 7 8 9 10 11 13 15 17 19 21 23 25 | 25.6
Armour         | 4 6 8 10 11 12 14 16 19 21 23 25 | 25.6
Throwing       | 4 6 7 9 10 11 14 15 | 15.0
Shields        | 4 5 7 13 17 18 | 18.2
Axes           | 6 8 10 12 14 17 19 21 23 26 27 | 27.0
Evocations     | 3 5 7 10 13 15 | 15.0
Dodging        | 4 8 10 11 15 | 15.1

Action                     |  1- 3 |  4- 6 |  7- 9 | 10-12 | 13-15 | 16-18 | 19-21 | 22-24 || total
---------------------------+-------+-------+-------+-------+-------+-------+-------+-------++-------
  Melee: Hand axe          |    80 |    19 |       |       |       |       |       |       ||    99
         Headbutt          |    15 |    16 |    43 |    95 |   215 |   318 |   604 |   605 ||  1911
         Whip              |       |   110 |   192 |    27 |       |       |       |       ||   329
         Flail             |       |       |    34 |    21 |       |       |       |       ||    55
         Punch             |       |       |     1 |       |       |       |       |       ||     1
         Battleaxe         |       |       |       |   127 |       |       |       |       ||   127
         Broad axe         |       |       |       |   248 |   915 |  1303 |  1710 |  1596 ||  5772
  Throw: Stone             |       |       |     1 |       |       |       |       |       ||     1
         Boomerang         |       |       |       |       |   203 |   343 |    61 |   281 ||   888
         Dart              |       |       |       |       |       |     7 |       |       ||     7
         Javelin           |       |       |       |       |       |       |     5 |       ||     5
         Throwing net      |       |       |       |       |       |       |       |     5 ||     5
 Invoke: Berserk           |       |     2 |     3 |     4 |     3 |     1 |       |       ||    13
         Trog's Hand       |       |       |       |     1 |     7 |     7 |     9 |     8 ||    32
         Brothers in Arms  |       |       |       |       |       |     1 |     1 |     1 ||     3
Ability: Evoke Blink       |       |       |       |       |       |     1 |       |       ||     1
  Evoke: Wand              |       |       |     5 |       |       |    26 |    10 |    14 ||    55
         Box of beasts     |       |       |       |       |       |       |     1 |       ||     1
         Phial of floods   |       |       |       |       |       |       |     1 |       ||     1
         Phantom mirror    |       |       |       |       |       |       |     1 |       ||     1
    Use: Scroll            |       |     6 |     8 |     8 |    11 |     7 |    20 |    17 ||    77
         Potion            |       |       |       |       |     3 |       |     5 |    16 ||    24
   Stab: Held in net/web   |       |       |       |       |       |     1 |       |     1 ||     2
         Invisible         |       |       |       |       |       |       |     2 |       ||     2
 Armour: Animal skin       |    13 |       |       |       |       |       |       |       ||    13
         Scale mail        |    10 |    40 |    26 |       |       |       |       |       ||    76
         Acid dragon scale |       |       |    31 |   153 |   137 |       |       |       ||   321
         Plate armour      |       |       |       |       |   113 |   405 |   419 |   236 ||  1173
         Gold dragon scale |       |       |       |       |       |       |       |   307 ||   307
  Dodge: Dodged            |    38 |    72 |   151 |   389 |   489 |   492 |   440 |   561 ||  2632
         Repelled          |       |       |       |       |       |       |     6 |    52 ||    58
  Block: Buckler           |       |       |    26 |    84 |    25 |       |       |       ||   135
         Tower shield      |       |       |       |       |   685 |  1447 |  1577 |  1488 ||  5197
